 Dungeon Crawl Stone Soup version 0.27.1-34-g3ba077fa99 (webtiles) character file.

Game seed: 814295170642293292

7303 cbfl8 the Protected (level 10, -3/90 HPs)
             Began as a Minotaur Fighter on Jan 25, 2022.
             Was a Follower of Yredelemnul.
             Slain by a catoblepas (19 damage)
             ... on level 1 of the Lair of Beasts.
             The game lasted 00:35:43 (12772 turns).

cbfl8 the Protected (Minotaur Fighter)             Turns: 12772, Time: 00:35:44

Health: -3/90      AC: 14    Str: 24    XL:     10   Next: 90%
Magic:  21/21      EV: 12    Int:  5    God:    Yredelemnul [*.....]
Gold:   295        SH:  5    Dex: 10    Spells: 9/9 levels left

rFire    . . .     SeeInvis .   N - +4 quarterstaff (chaos)
rCold    . . .     Faith    .   (shield currently unavailable)
rNeg     . . .     Spirit   .   s - +5 ring mail {rPois}
rPois    +         Reflect  +   (helmet restricted)
rElec    .         Harm     .   x - scarf {shadows}
rCorr    .         Rampage  .   (no gloves)
Will     .....                  V - +1 pair of boots
Stlth    +.........             U - amulet of reflection
HPRegen  0.25/turn              p - ring of flight
MPRegen  0.17/turn              D - ring of magical power

@: flying
A: horns 2, retaliatory headbutt
a: Renounce Religion, Animate Remains


You were on level 1 of the Lair of Beasts.
You worshipped Yredelemnul.
Yredelemnul was aware of your devotion.
You visited 3 branches of the dungeon, and saw 13 of its levels.

You collected 403 gold pieces.
You spent 108 gold pieces at shops.

Inventory:

Hand Weapons
 j - a +0 hunting sling
 u - a +0 shortbow
 F - a +1 vorpal hand axe
 N - a +4 quarterstaff of chaos (weapon)
 P - a +3 long sword
Missiles
 h - 65 bolts
 i - 122 arrows
 t - 214 stones (quivered)
 J - 7 silver boomerangs
Armour
 c - a +0 kite shield
 d - a +0 leather armour of poison resistance
 o - +0 steam dragon scales
 s - a +5 ring mail of poison resistance (worn)
 x - a scarf of shadows (worn)
 V - a +1 pair of boots (worn)
Magical Staves
 a - a staff of fire
 L - a staff of conjuration
Jewellery
 p - a ring of flight (left hand)
 v - a ring of ice
 B - an amulet of guardian spirit
 D - a ring of magical power (right hand)
 U - an amulet of reflection (around neck)
 Z - a ring of resist corrosion
Wands
 K - a wand of flame (16)
 M - a wand of polymorph (8)
 Q - a wand of charming (7)
 X - a wand of acid (7)
 Y - a wand of mindburst (10)
Scrolls
 f - a scroll of immolation {unknown}
 k - 2 scrolls of holy word
 m - 4 scrolls of fog
 n - a scroll of amnesia
 r - a scroll of teleportation
 y - a scroll of magic mapping
 z - 2 scrolls of noise {unknown}
 G - a scroll of brand weapon {unknown}
Potions
 e - a potion of lignification
 g - 2 potions of flight
 C - a potion of attraction {unknown}
 E - a potion of haste {unknown}
 R - a potion of might
Miscellaneous
 W - a condenser vane


   Skills:
 + Level 8.4 Fighting
 + Level 7.7 Axes
 + Level 9.0 Staves
 + Level 9.6 Armour
 + Level 5.2 Dodging
 + Level 2.6 Stealth
 + Level 7.6 Shields
 + Level 1.3 Unarmed Combat
 + Level 4.3 Invocations
 + Level 1.2 Evocations


You had 9 spell levels left.
You didn't know any spells.
Your spell library contained the following spells:

 Spells                   Type           Power      Damage    Failure   Level
 Inner Flame              Hex/Fire       0%         N/A       92%         3
 Summon Guardian Golem    Hex/Summ       0%         N/A       92%         3
 Olgreb's Toxic Radiance  Pois           0%         N/A       100%        4
 Ozocubu's Refrigeration  Ice            0%         4d5       100%        7
 Ignition                 Fire           0%         3d3       100%        8


Dungeon Overview and Level Annotations

Branches:
Dungeon (8/15)             Temple (1/1) D:6            Lair (4/6) D:8
  Swamp: Lair:2-4    Shoals: Lair:2-4     Snake: Lair:2-4    Spider: Lair:2-4

Altars:
Ashenzari
Cheibriados
Dithmenos
Elyvilon
Fedhas
Gozag
Hepliaklqana
Kikubaaqudgha
Makhleb
Nemelex Xobeh
Okawaru
Qazlal
Ru
Sif Muna
Trog
Uskayaw
Vehumet
Xom
Yredelemnul
Zin
The Shining One

Shops:
D:4 ?   D:5 !*?:

Annotations:
D:6 1 transporter, mrw3rdna's ghost, novice MiFi
Lair:1 3 runed translucent doors, AbnerMallety's ghost, journeyman DjFE


Innate Abilities, Weirdness & Mutations

You have a pair of horns on your head.
You reflexively headbutt those who attack you in melee.


Message History

As you read the scroll of summoning, it crumbles to dust.
Wisps of shadow whirl around you...
You feel sick. The catoblepas barely misses you. You furiously retaliate!
You headbutt the catoblepas, but do no damage.
Your blink frog skeleton hits the catoblepas.
You feel sick.
The catoblepas gores your blink frog zombie!!
Your blink frog zombie is destroyed!
Your blink frog skeleton hits the catoblepas!
Your bullfrog hits the catoblepas.
Your cane toad stings the catoblepas but does no damage.
You feel sick.
You are no longer poisoned.
Something gores your bullfrog!
Your blink frog skeleton hits something but does no damage.
Your blink frog skeleton hits the catoblepas!
The catoblepas gores your blink frog skeleton!
Your blink frog skeleton hits something.
Something barely misses your blink frog skeleton.
Your blink frog skeleton hits something but does no damage.
Something gores your blink frog skeleton!!
Your blink frog skeleton is destroyed!
You swap places.
Your bullfrog hits the catoblepas but does no damage.
The catoblepas gores your bullfrog!!
Your bullfrog dies!
Your bullfrog's corpse dissolves into shadows!
The catoblepas gores your cane toad!!
Your cane toad stings the catoblepas!
The catoblepas gores your cane toad!!
Your cane toad dies!
Your cane toad's corpse dissolves into shadows!
You block the catoblepas's attack.
You hit the catoblepas. You freeze the catoblepas. You headbutt the catoblepas.
The catoblepas is almost dead.
The catoblepas closely misses you.
You hit the catoblepas but do no damage.
The catoblepas is almost dead.
The catoblepas gores you!!
You die...
Your body rises from the dead as a mindless zombie.

.........##..##...####...........
...................##...........#
...........§.§...................
Z...........§§§.............##...
Z..........§§§§..............#P..
.............§...........#...##..
........................##.......
................Y.......P#.......
................@........#.......
.................................
........P##...#...P.............>
................#................
..........<...........[..........
.................................
.................................
.................................
##..................#.....#......


You could see a catoblepas.

Vanquished Creatures
  Nergalle (Lair:1)
  Joseph (D:7)
  A cane toad (Lair:1)
  3 komodo dragons
  A polar bear (D:8)
  4 blink frogs
  Prince Ribbit (D:7)
  A wyvern (Lair:4)
  5 yaks
  A yak (shapeshifter) (D:8)
  A basilisk (Lair:1)
  2 steam dragons
  Menkaure (D:7)
  3 water moccasins
  2 orc warriors
  An ice beast (D:7)
  2 sky beasts
  An ogre (D:6)
  A necrophage (D:4)
  A centaur (D:7)
  A phantom (D:5)
  Blork the orc (D:6)
  2 kobold brigands (D:8)
  4 bullfrogs
  2 howler monkeys
  A centaur zombie (D:8)
  2 hounds
  A bullfrog skeleton (D:4)
  An orc priest (D:7)
  Crazy Yiuf (D:6)
  3 iguanas
  A hound skeleton (D:4)
  4 adders
  A shadow imp (D:3)
  An ufetubus (D:4)
  3 worms
  3 dart slugs
  22 orcs
  4 ball pythons
  9 bats
  4 endoplasms
  6 giant cockroaches
  8 goblins
  6 hobgoblins
  4 jackals (D:2)
  10 kobolds
  2 quokkas (D:1)
  6 frilled lizards
  10 rats
157 creatures vanquished.

Vanquished Creatures (collateral kills)
  2 komodo dragons
  A polar bear (Lair:1)
  A blink frog (Lair:1)
  2 electric eels (Lair:3)
  3 kobolds (D:8)
  A goblin (D:8)
10 creatures vanquished.

Vanquished Creatures (others)
  A komodo dragon zombie (Lair:1)
  2 blink frog skeletons (Lair:1)
  2 blink frog zombies (Lair:1)
  2 water moccasin zombies
  A basilisk zombie (Lair:1)
  2 bullfrog zombies (Lair:1)
  A howler monkey zombie (D:8)
  6 kobold zombies (D:8)
  An orc zombie (D:8)
  A steam dragon zombie (D:8)
  A worm zombie (D:8)
  7 fungi
  55 plants
  A withered plant (D:3)
83 creatures vanquished.

Grand Total: 250 creatures vanquished

Notes
Turn   | Place    | Note
-------+----------+-------------------------------------------
     0 | D:1      | cbfl8 the Minotaur Fighter began the quest for the Orb.
     0 | D:1      | Reached XP level 1. HP: 19/19 MP: 0/0
   131 | D:1      | Reached XP level 2. HP: 27/27 MP: 1/1
   894 | D:2      | Reached XP level 3. HP: 33/33 MP: 2/2
  1128 | D:2      | Found a faded altar of an unknown god.
  1487 | D:3      | Noticed a bullfrog
  1497 | D:3      | Killed a bullfrog
  1498 | D:3      | Reached skill level 1 in Dodging
  1498 | D:3      | Reached XP level 4. HP: 27/40 MP: 3/3
  1606 | D:3      | Found an opulent altar of Gozag.
  1624 | D:3      | Reached XP level 5. HP: 27/46 MP: 4/4
  1870 | D:3      | Found a basalt altar of Yredelemnul.
  1884 | D:3      | Became a worshipper of Yredelemnul the Dark
  2222 | D:4      | Found Fisuvos's Magic Scroll Shoppe.
  2241 | D:4      | Bought 3 scrolls of identify for 66 gold pieces
  2292 | D:4      | Found a bloodstained altar of Trog.
  2300 | D:4      | Found a sacrificial altar of Ru.
  2376 | D:4      | Noticed a necrophage
  2389 | D:4      | Killed a necrophage
  2450 | D:4      | Reached XP level 6. HP: 47/53 MP: 5/5
  2525 | D:4      | Reached skill level 5 in Armour
  2525 | D:4      | Reached skill level 5 in Shields
  2633 | D:4      | Reached skill level 5 in Axes
  2765 | D:5      | Entered Level 5 of the Dungeon
  2809 | D:5      | Noticed a sky beast
  2836 | D:4      | Killed a sky beast
  2837 | D:4      | Reached skill level 5 in Fighting
  2837 | D:4      | Reached XP level 7. HP: 12/61 MP: 6/6
  3252 | D:5      | Found an iron altar of Okawaru.
  3357 | D:5      | Found Tablorea's Book Shop.
  3526 | D:5      | Found Tiafuh's Distillery.
  3541 | D:5      | Bought a potion of curing for 42 gold pieces
  3604 | D:5      | Found a broken altar of Ashenzari.
  3620 | D:5      | Found Rarch's Assorted Antiques.
  3625 | D:5      | Found Vittoacaze's Magic Scroll Shoppe.
  4199 | D:6      | Got the Grimoire of Glamour
  4347 | D:6      | Noticed a steam dragon
  4356 | D:6      | Killed a steam dragon
  4356 | D:6      | Reached * piety under Yredelemnul
  4590 | D:6      | Found a staircase to the Ecumenical Temple.
  4774 | Temple   | Entered the Ecumenical Temple
  5323 | D:6      | Found a transporter.
  5325 | D:6      | Identified the +8 dire flail of Growth {drain, rN+ Str+3}
  5325 | D:6      | Noticed a two-headed ogre
  5325 | D:6      | Noticed mrw3rdna's ghost (novice MiFi)
  5377 | D:6      | Noticed Blork the orc
  5399 | D:6      | Killed Blork the orc
  5400 | D:6      | Reached XP level 8. HP: 50/69 MP: 7/7
  5896 | D:6      | Found a runed translucent door.
  5897 | D:6      | Noticed Crazy Yiuf
  5912 | D:6      | Killed Crazy Yiuf
  6443 | D:7      | Noticed Prince Ribbit
  6451 | D:7      | Killed Prince Ribbit
  6594 | D:7      | Noticed Joseph
  6600 | D:7      | Reached skill level 1 in Staves
  6600 | D:7      | Reached skill level 1 in Stealth
  6600 | D:7      | Reached skill level 1 in Invocations
  6616 | D:7      | Killed Joseph
  6617 | D:7      | Reached skill level 1 in Unarmed Combat
  6629 | D:7      | Reached XP level 9. HP: 64/75 MP: 8/9
  6629 | D:7      | Noticed Menkaure
  6649 | D:7      | Killed Menkaure
  6650 | D:7      | Reached skill level 1 in Evocations
  7550 | D:8      | Found a snail-covered altar of Cheibriados.
  8062 | D:8      | Found a staircase to the Lair.
  8066 | D:8      | Noticed a komodo dragon
  8084 | D:8      | Killed a komodo dragon
  8503 | Lair:1   | Entered Level 1 of the Lair of Beasts
  8520 | Lair:1   | Noticed a komodo dragon
  8526 | D:8      | Reached skill level 5 in Staves
  8973 | D:8      | a komodo dragon changed into a shapeshifter
  8973 | D:8      | Noticed a troll
  8973 | D:8      | a shapeshifter changed into a troll
  8974 | D:8      | a troll changed into a yak
  9297 | Lair:1   | Noticed a komodo dragon
  9306 | Lair:1   | Killed a komodo dragon
  9550 | Lair:1   | Noticed a polar bear
  9586 | D:8      | Killed a polar bear
  9587 | D:8      | Reached XP level 10. HP: 66/86 MP: 11/11
  9864 | Lair:1   | Found a runed translucent gate.
  9864 | Lair:1   | Found a runed translucent gate.
  9867 | Lair:1   | Noticed AbnerMallety's ghost (journeyman DjFE)
  9867 | Lair:1   | Noticed a ten-headed hydra
 10001 | Lair:1   | Noticed Nergalle
 10012 | Lair:1   | Noticed a ten-headed hydra
 10014 | Lair:1   | Found a runed translucent gate.
 10067 | Lair:1   | Noticed a cane toad
 10073 | Lair:1   | Killed a cane toad
 10171 | Lair:1   | Killed Nergalle
 11113 | Lair:2   | HP: 3/88 [blink frog (8)]
 11422 | Lair:1   | Reached ** piety under Yredelemnul
 11713 | Lair:2   | You are sucked into a shaft and drop 2 floors!
 11767 | Lair:4   | Noticed a torpor snail
 12079 | Lair:2   | Noticed a cane toad
 12079 | Lair:2   | Noticed a cane toad
 12080 | Lair:2   | Noticed a cane toad
 12086 | Lair:3   | Reached skill level 5 in Dodging
 12105 | Lair:2   | Noticed a catoblepas
 12772 | Lair:1   | Slain by a catoblepas

Illustrated notes

Levels and vault maps discovered:
D:1:      dpeg_arrival_subterranean_lakeside_camping, layout_basic
D:2:      layout_rooms, hellmonk_ecumenical_altar_leap_of_faith
D:3:      layout_rooms, mainiacjoe_overflow_cross_hatched,
          yredelemnul_altar_generic
D:4:      layout_rooms, mainiacjoe_overflow_big_doors, serial_shops, shop
D:5:      layout_rooms, grunt_temple_overflow_open, serial_shops,
          nicolae_take_the_stairs, shop, nicolae_shop_trees,
          nicolae_shop_waterfront, minmay_misc_feat_roman
D:6:      layout_rooms, minmay_temple_entry_statues_pillars,
          gammafunk_ghost_smash, kennysheep_generic_room_3, uniq_blork_the_orc,
          uniq_crazy_yiuf_cottage
D:7:      layout_cave_pools, uniq_joseph, uniq_prince_ribbit1, uniq_menkaure
D:8:      corexii_shack_village, layout_cave_pools, slow_altar_1,
          david_lair_shrubbed, kennysheep_generic_room_14
Temple:   eino_temple_water
Lair:1:   layout_hall_layers, gammafunk_ghost_hydra_chop, uniq_nergalle
Lair:2:   layout_cave_shapes, beast_lair_carwin_9
Lair:3:   pond_and_an_island_with_a_cottage, layout_long_grid, roderic_batcave,
          uniq_sonja
Lair:4:   layout_gridlike, elwin_shoals_entry_rocks,
          minmay_snake_entry_guardpost_medium, gauntlet_entry_generic,
          ice2_lemuel, serial_bayou_shore_b

Skill      XL: |  1  2  3  4  5  6  7  8  9 10 |
---------------+-------------------------------+-----
Shields        | 4 5 6 7 |  7.6
Armour         | 4 5 6 7 8 9 |  9.6
Fighting       | 4 5 6 7 8 |  8.4
Axes           | 3 4 5 6 7 |  7.7
Dodging        | 1 2 4 5 |  5.2
Staves         | 2 6 9 |  9.0
Stealth        | 1 2 |  2.6
Invocations    | 1 3 4 |  4.3
Unarmed Combat | 1 |  1.3
Evocations     | 1 |  1.2

Action                   |  1- 3 |  4- 6 |  7- 9 | 10-12 || total
-------------------------+-------+-------+-------+-------++-------
Melee: War axe           |   100 |    76 |    63 |       ||   239
       Headbutt          |    12 |    11 |    44 |    21 ||    88
       Hand axe          |       |       |    36 |       ||    36
       Quarterstaff      |       |       |   176 |   103 ||   279
       Unarmed           |       |       |    11 |       ||    11
Invok: Animate Remains   |       |       |    17 |    10 ||    27
Evoke: Wand              |       |       |    12 |       ||    12
  Use: Scroll            |       |     7 |     6 |    15 ||    28
       Potion            |       |     2 |     9 |     1 ||    12
 Stab: Distracted        |       |       |     1 |       ||     1
Armor: Scale mail        |    61 |    44 |    49 |       ||   154
       Skin              |       |     2 |    18 |       ||    20
       Ring mail         |       |       |    72 |    73 ||   145
Dodge: Dodged            |    35 |    24 |   131 |    77 ||   267
Block: Kite shield       |    84 |    42 |    57 |       ||   183
       Other             |       |       |       |    44 ||    44
